 Dungeon Crawl Stone Soup version 0.19-a0-517-gd6a9987 (webtiles) character file.

17374 epen the Covert (level 12, 0/78 (79) HPs)
             Began as a Kobold Enchanter on June 6, 2016.
             Was a High Priest of Dithmenos.
             Slain by a blink frog (16 damage)
             ... on level 1 of the Lair of Beasts.
             The game lasted 00:41:43 (15334 turns).

epen the Covert (Kobold Enchanter)                 Turns: 15334, Time: 00:41:43

HP:   0/78 (79)     AC:  5    Str:  7    XL:     12   Next: 81%
MP:   9/20          EV: 15    Int: 17    God:    Dithmenos [*****.]
Gold: 441           SH:  3    Dex: 15    Spells: 6 memorised, 5 levels left

rFire  . . .     SeeInvis .     M - +3 dagger (elec)
rCold  + + .     Gourm    .     V - +2 robe {rC+}
rNeg   . . .     Faith    .     (shield restricted)
rPois  +         Spirit   .     (no helmet)
rElec  .         Dismiss  .     D - +0 cloak
rCorr  .         Reflect  +     (no gloves)
SustAt .         Harm     .     (no boots)
MR     .....                    u - +3 amulet of reflection
Stlth  ++++++++..               K - ring of poison resistance
                                I - ring of wizardry

@: wreathed by umbra, not resistant to hostile enchantments, extraordinarily
stealthy
A: carnivore 3, clumsy 1, cold resistance 1, low mp 1, robust 1
a: Shadow Step, Shadow Form, Renounce Religion


You were on level 1 of the Lair of Beasts.
You worshipped Dithmenos.
Dithmenos was extremely pleased with you.
You were very full.

You visited 3 branches of the dungeon, and saw 14 of its levels.

You collected 517 gold pieces.
You spent 76 gold pieces at shops.

Inventory:

Hand Weapons
 a - a +1 dagger of venom
 f - a +1 dagger of venom
 C - a +0 dagger of protection
 M - a +3 dagger of electrocution (weapon)
Missiles
 T - 2 throwing nets (quivered)
Armour
 D - a +0 cloak (worn)
 L - a +0 buckler
 V - a +2 robe of cold resistance (worn)
Jewellery
 g - an uncursed ring of fire
 n - an uncursed ring of positive energy
 q - an uncursed amulet of rage
 u - a +3 amulet of reflection (around neck)
 w - an uncursed ring of protection from fire
 I - a ring of wizardry (left hand)
 K - a ring of poison resistance (right hand)
 S - an uncursed ring of fire
Wands
 B - a wand of polymorph (3/24)
 E - a wand of slowing (22/48)
 N - a wand of acid (10/15)
 P - a wand of polymorph (5/24)
 Q - a wand of lightning (10/15)
Scrolls
 b - a scroll of random uselessness
 k - 2 scrolls of recharging
 m - 2 scrolls of teleportation
 o - 3 scrolls of identify
 p - 2 scrolls of enchant armour
 r - 5 scrolls of remove curse
 y - a scroll of fear
 F - 4 scrolls of amnesia
 H - a scroll of silence
 O - a scroll of enchant weapon
 U - a scroll of magic mapping
Potions
 e - 4 potions of haste
 i - 4 potions of brilliance
 j - 3 potions of ambrosia
 s - 4 potions of curing
 t - 3 potions of heal wounds
 v - a potion of might
 x - a potion of agility
 G - a potion of flight
 Y - a potion of magic
Books
 c - a book of Maledictions

   Spells                             Type                      Level
   a - Corona                         Hexes                        1
   b - Ensorcelled Hibernation        Hexes/Ice                    2
   c - Confuse                        Hexes                        3
   d - Tukima's Dance                 Hexes                        3
   e - Dazzling Spray                 Conjuration/Hexes            3
 A - a book of Burglary

   Spells                             Type                      Level
   a - Swiftness                      Charms/Air                   2
   b - Passwall                       Transmutation/Earth          2
   c - Passage of Golubria            Translocation                4
   d - Lee's Rapid Deconstruction     Earth                        5
   e - Darkness                       Hexes                        6
   f - Invisibility                   Hexes                        6
 W - an Akashic Record

   Spells                             Type                      Level
   a - Dispersal                      Translocation                6
   b - Malign Gateway                 Summoning/Translocation      7
   c - Disjunction                    Translocation                8
   d - Controlled Blink               Translocation                8
Comestibles
 d - 4 meat rations
 h - 3 beef jerkies
 z - a royal jelly
 J - 10 slices of pizza


   Skills:
 + Level 7.1 Fighting
 + Level 8.7 Short Blades
 + Level 8.1 Dodging
 + Level 10.1 Stealth
 * Level 7.5 Spellcasting
 + Level 4.7 Conjurations
 * Level 10.0 Hexes
 * Level 8.3 Invocations


You had 5 spell levels left.
You knew the following spells:

 Your Spells              Type           Power        Failure   Level  Hunger
a - Invisibility          Hex            #####...     14%         6    #######
b - Ensorcelled Hibernat  Hex/Ice        ###...       1%          2    None
c - Confuse               Hex            #####...     1%          3    ##.....
d - Tukima's Dance        Hex            #####...     1%          3    ##.....
e - Dazzling Spray        Conj/Hex       ####..       1%          3    ##.....
f - Passage of Golubria   Tloc           N/A          67%         4    ####...


Dungeon Overview and Level Annotations

Branches:
Dungeon (12/15)            Temple (1/1) D:4            Lair (1/8) D:9
    Orc (0/2) D:9

Altars:
Ashenzari
Cheibriados
Dithmenos
Elyvilon
Fedhas
Gozag
Hepliaklqana
Kikubaaqudgha
Makhleb
Nemelex Xobeh
Okawaru
Pakellas
Qazlal
Ru
Sif Muna
Trog
Uskayaw
Vehumet
Xom
Yredelemnul
Zin
The Shining One

Shops:
D:7 *   D:12 [*

Portals:
Trove: D:11 (give 11 potions of heal wounds)


Innate Abilities, Weirdness & Mutations

You are small and have problems with some larger weapons.
You are carnivorous and can eat meat at any time.
You are clumsy. (Dex -2)
Your flesh is cold resistant. (rC+)
Your magical capacity is low. (-10% MP)
You are robust. (+10% HP)


Message History

You hit the wolf.
The wolf is lightly wounded.
You barely miss the wolf.
The wolf is lightly wounded.
The wolf barely misses you. The blink frog hits you!
You hit the wolf.
There is a sudden explosion of sparks!
You kill the wolf!
Dithmenos accepts your kill.
The blink frog hits you but does no damage.
The blink frog hits you.
The blink frog blinks!
The blink frog misses you. The blink frog closely misses you.
The blink frog blinks!
The blink frog blinks!
The blink frog hits you!!
The blink frog blinks!
There is a staircase back to the Dungeon here.
The blink frog hits you!
* * * LOW HITPOINT WARNING * * *
The blink frog hits you!
You die...

...........# .
...........#
.........†.#
...........####P
..........≈≈.....
........§≈≈≈≈≈./.
.........≈≈≈≈≈≈..
....F...FF≈≈≈≈≈..
........@.≈≈≈≈≈..
.........≈≈≈≈≈≈..
..#.###.≈≈≈≈≈≈≈..
..## #.≈≈≈≈≈≈≈.
#.≈≈≈≈≈≈..
...≈≈≈...t
..........
#####...#P#


You could see 3 blink frogs and a crocodile (sleeping).

Vanquished Creatures
  Nessos (D:12)
  Snorg (D:12)
  A centaur warrior (D:11)
  The ghost of Xiguana the Grappler, a journeyman VSMo of Cheibriados (D:9)
  Nergalle (D:11)
  A wolf spider zombie (D:12)
  A hill giant (D:11)
  A deep elf mage (D:12)
  A cyclops (D:11)
  A centaur zombie (D:10)
  A kobold demonologist (D:12)
  2 trolls (D:11)
  2 two-headed ogres
  A vampire (D:11)
  A spriggan (D:9)
  A wyvern (D:10)
  Eustachio (D:8)
  A hill giant zombie (D:9)
  7 yaks
  A basilisk (D:11)
  A steam dragon (D:8)
  2 hippogriffs
  A water moccasin (D:11)
  2 black bears
  10 ice beasts
  2 sky beasts
  4 orc warriors
  A necrophage (D:5)
  A wasp (D:10)
  3 ogres
  4 wolves (Lair:1)
  13 centaurs
  3 phantoms
  6 big kobolds
  4 giant frogs
  4 scorpions
  2 troll zombies (D:9)
  18 killer bees
  An electric eel (D:11)
  5 wights (D:11)
  4 howler monkeys
  5 crimson imps
  A quasit (D:6)
  A hound (D:7)
  4 centaur skeletons
  10 orc priests
  3 giant frog skeletons
  8 worker ants
  12 orc wizards
  A killer bee zombie (D:9)
  5 ogre zombies (D:9)
  A hound zombie (D:8)
  A hound skeleton (D:5)
  A worker ant zombie (D:5)
  8 gnolls
  17 adders
  A howler monkey skeleton (D:4)
  An adder skeleton (D:10)
  An adder zombie (D:7)
  9 giant geckos
  38 orcs
  2 ball pythons (D:3)
  6 bats
  4 giant cockroaches
  12 goblins
  3 hobgoblins (D:1)
  16 jackals
  27 kobolds
  2 quokkas
  7 giant newts
  A goblin zombie (D:9)
  A hobgoblin skeleton (D:9)
  A hobgoblin zombie (D:9)
  4 orc skeletons (D:9)
  18 orc zombies (D:9)
  A quokka skeleton (D:5)
  A quokka zombie (D:6)
  10 rats
363 creatures vanquished.

Vanquished Creatures (collateral kills)
  A killer bee (D:10)
1 creature vanquished.

Vanquished Creatures (others)
  Erolcha (D:10)
  A killer bee (D:9)
2 creatures vanquished.

Grand Total: 366 creatures vanquished

Notes
Turn   | Place    | Note
--------------------------------------------------------------
     0 | D:1      | epen the Kobold Enchanter began the quest for the Orb.
     0 | D:1      | Reached XP level 1. HP: 10/10 MP: 3/3
   292 | D:1      | Reached XP level 2. HP: 14/15 MP: 1/5
   625 | D:1      | Reached XP level 3. HP: 19/19 MP: 6/6
   644 | D:1      | Learned a level 2 spell: Ensorcelled Hibernation
   648 | D:1      | Learned a level 3 spell: Confuse
  1511 | D:2      | Reached XP level 4. HP: 20/24 MP: 7/7
  2353 | D:3      | Found a deep blue altar of Sif Muna.
  2514 | D:3      | Found a white marble altar of Elyvilon.
  2668 | D:3      | Reached XP level 5. HP: 26/28 MP: 8/8
  2692 | D:3      | Found an iron altar of Okawaru.
  2710 | D:3      | Reached skill level 1 in Fighting
  2813 | D:3      | Reached skill level 5 in Stealth
  2826 | D:3      | Learned a level 3 spell: Tukima's Dance
  2930 | D:4      | Found a blossoming altar of Fedhas.
  2930 | D:4      | Found a stormy altar of Qazlal.
  2959 | D:4      | Noticed a dagger
  2959 | D:4      | Noticed a dagger
  2966 | D:4      | Found a hide-covered altar of Uskayaw.
  3051 | D:4      | Reached XP level 6. HP: 33/34 MP: 2/9
  3383 | D:4      | Found a staircase to the Ecumenical Temple.
  3440 | Temple   | Entered the Ecumenical Temple
  3447 | Temple   | Became a worshipper of Dithmenos the Shadowed
  3515 | D:4      | Found a glowing silver altar of Zin.
  3573 | D:5      | Entered Level 5 of the Dungeon
  3706 | D:5      | Found a stormy altar of Qazlal.
  3706 | D:5      | Noticed Eustachio
  3775 | D:5      | Reached XP level 7. HP: 25/40 MP: 11/11
  3891 | D:5      | Learned a level 3 spell: Dazzling Spray
  3934 | D:5      | Reached skill level 5 in Hexes
  4783 | D:5      | Reached XP level 8. HP: 31/44 MP: 3/12
  6277 | D:6      | Found a basalt altar of Yredelemnul.
  6359 | D:6      | Reached * piety under Dithmenos
  6359 | D:6      | Reached skill level 5 in Dodging
  6800 | D:7      | Reached skill level 5 in Short Blades
  6816 | D:7      | Reached XP level 9. HP: 51/51 MP: 7/14
  6889 | D:7      | Found Osucoic's Assorted Antiques.
  7048 | D:7      | Found a hazy altar of Hepliaklqana.
  7308 | D:7      | Reached skill level 1 in Invocations
  7673 | D:8      | Reached skill level 1 in Conjurations
  7701 | D:8      | Killed Eustachio
  7753 | D:8      | Noticed a two-headed ogre
  7962 | D:7      | Killed a two-headed ogre
  8158 | D:8      | Reached ** piety under Dithmenos
  8460 | D:8      | Reached XP level 10. HP: 57/57 MP: 9/16
  8514 | D:9      | Noticed Xiguana's ghost (journeyman VSMo)
  8653 | D:9      | Found a staircase to the Lair.
  8697 | D:9      | Reached skill level 5 in Fighting
  8998 | D:9      | Killed Xiguana's ghost
  9017 | D:9      | Gained mutation: You are robust. (+10% HP) [potion of beneficial mutation]
  9239 | D:9      | Reached *** piety under Dithmenos
  9786 | D:9      | Reached skill level 5 in Spellcasting
  9924 | D:9      | Found a staircase to the Orcish Mines.
 10352 | D:9      | Found an ancient bone altar of Kikubaaqudgha.
 10511 | D:9      | Reached skill level 5 in Invocations
 10729 | D:10     | Entered Level 10 of the Dungeon
 10870 | D:10     | Reached XP level 11. HP: 69/69 MP: 19/19
 10892 | D:10     | Gained mutation: Your flesh is cold resistant. (rC+) [mutagenic meat]
 11445 | D:10     | Reached **** piety under Dithmenos
 11627 | D:10     | Noticed Erolcha
 11699 | D:10     | Killed Erolcha
 12293 | D:11     | Found a portal to a secret trove of treasure.
 12310 | D:11     | Learned a level 6 spell: Invisibility
 12735 | D:11     | Gained mutation: You are clumsy. (Dex -2) [potion of mutation]
 12735 | D:11     | Gained mutation: Your magical capacity is low. (-10% MP) [potion of mutation]
 12860 | D:11     | Noticed a centaur warrior
 12872 | D:11     | Killed a centaur warrior
 12872 | D:11     | Reached XP level 12. HP: 77/77 MP: 11/19
 13406 | D:10     | Learned a level 4 spell: Passage of Golubria
 13610 | D:11     | Noticed Nergalle
 13628 | D:11     | Killed Nergalle
 14552 | D:12     | Found Nyigue's Assorted Antiques.
 14555 | D:12     | Bought 2 scrolls labeled CENKUKHARR for 76 gold pieces
 14759 | D:12     | Noticed Snorg
 14769 | D:12     | Killed Snorg
 14808 | D:12     | Found Ykoif's Armour Emporium.
 14878 | D:12     | Noticed Nessos
 14882 | D:12     | Killed Nessos
 14882 | D:12     | Reached skill level 10 in Stealth
 14903 | D:12     | Noticed a skeletal warrior
 14903 | D:12     | Noticed a skeletal warrior
 14903 | D:12     | Noticed a skeletal warrior
 14903 | D:12     | Noticed a skeletal warrior
 14903 | D:12     | Noticed a skeletal warrior
 15279 | Lair:1   | Entered Level 1 of the Lair of Beasts
 15294 | Lair:1   | Reached ***** piety under Dithmenos
 15314 | Lair:1   | Reached skill level 10 in Hexes
 15334 | Lair:1   | Slain by a blink frog

Vault maps used:
D:1:      lemuel_arrival_rhombus, st_stairs_13, kennysheep_pointless_box
D:2:      minmay_stone_trees_large
D:3:      kennysheep_okawaru_gauntlet, led_sif_book, old_standard_altar
D:4:      grunt_temple_overflow_forces_of_nature, dancing_weapons_uskayaw,
          kennysheep_mini, minmay_temple_entry_enclosed_plants,
          nrook_mini_vaults
D:5:      basic_altar, first_bread, uniq_eustachio
D:6:      overflow_temple_1_default, minivault_1, grunt_decor_mini_mirrors
D:7:      nicolae_overflow_crystal_walls, serial_shops,
          nicolae_shop_overgrown_old_shop
D:8:      enter_bailey_7
D:9:      kennysheep_little_box, lair_0_dummy, zombieorc2_lemuel,
          grunt_pizzeria, minmay_stone_trees_small
D:10:     uniq_erolcha
D:11:     minmay_twisted_water, nicolae_trove_entry_free_sample, uniq_nergalle
D:12:     serial_shops, nicolae_shop_behind_doors, shop, shop_fountains,
          nicolae_shop_waterfront, shop, basic_altar, aerie_lemuel, uniq_fannar,
          uniq_snorg, uniq_nessos
Temple:   nicolae_temple_no_exploring_needed
Lair:1:   dpeg_oklob_gauntlet, infiniplex_staircase_pool

Skill      XL: |  1  2  3  4  5  6  7  8  9 10 11 12 |
---------------+-------------------------------------+-----
Short Blades   | 2 3 5 6 7 8 |  8.7
Dodging        | 3 4 5 6 7 8 |  8.1
Fighting       | 1 2 3 4 5 6 7 |  7.1
Hexes          | 4 5 6 7 8 9 10 | 10.0
Stealth        | 5 6 7 8 9 10 | 10.1
Spellcasting   | 3 4 5 6 7 |  7.5
Invocations    | 3 5 7 8 |  8.3
Conjurations   | 2 3 4 |  4.7

Action                   |  1- 3 |  4- 6 |  7- 9 | 10-12 || total
-------------------------+-------+-------+-------+-------++-------
Melee: Dagger            |   111 |   153 |   386 |   684 ||  1334
 Cast: Corona            |     8 |       |       |       ||     8
       Confuse           |       |     6 |    53 |   157 ||   216
       Dazzling Spray    |       |       |       |     4 ||     4
       Ensorcelled Hiber |       |       |       |     1 ||     1
  Use: Scroll            |       |     8 |     1 |    19 ||    28
       Potion            |       |       |       |     2 ||     2
 Stab: Sleeping          |    12 |     8 |    12 |    17 ||    49
       Confused          |       |     1 |    23 |    59 ||    83
       Distracted        |       |       |       |     2 ||     2
  Eat: Chunk             |    10 |     7 |    21 |    31 ||    69
Armor: Robe              |    22 |    14 |    36 |    46 ||   118
Dodge: Dodged            |    98 |    76 |   233 |   421 ||   828
Block: Other             |       |     9 |    30 |    60 ||    99
       Reflection        |       |       |       |     4 ||     4
